 Dungeon Crawl Stone Soup version 0.30-a0-4-ga7cffc901d (webtiles) character file.

Game seed: 17799645820495904494

12 Daxter the Trooper (level 2, -12/27 HPs)
             Began as a Minotaur Fighter on Aug 20, 2022.
             Killed by divine providence
             ... invoked by an orc priest
              (16 damage)
             ... on level 3 of the Dungeon.
             The game lasted 00:01:05 (125 turns).

Daxter the Trooper (Minotaur Fighter)                Turns: 125, Time: 00:01:05

Health: -12/27     AC:  7    Str: 20    XL:     2   Next: 20%
Magic:  1/1        EV:  9    Int:  5    God:
Gold:   18         SH:  4    Dex:  9    Spells: 1/1 levels left

rFire   . . .      SeeInvis .    a - +0 flail
rCold   . . .      Faith    .    c - +0 buckler
rNeg    . . .      Spirit   .    b - +0 scale mail
rPois   .          Reflect  .    (helmet restricted)
rElec   .          Harm     .    (no cloak)
rCorr   .          Rampage  .    (no gloves)
Will    .....                    (no boots)
Stlth   ..........               (no amulet)
HPRegen 0.09/turn                (no ring)
MPRegen 0.07/turn                (no ring)

@: no status effects
A: horns 2, retaliatory headbutt
a: no special abilities


You were on level 3 of the Dungeon.
You visited 1 branch of the dungeon, and saw 3 of its levels.

You collected 18 gold pieces.

Inventory:

Hand Weapons
 a - a +0 flail (weapon)
Armour
 b - a +0 scale mail (worn)
 c - a +0 buckler (worn)
Scrolls
 e - a scroll of amnesia {unknown}
Potions
 d - a potion of might


   Skills:
 + Level 3.9 Fighting
 + Level 2.5 Maces & Flails
 + Level 3.9 Armour
 + Level 3.9 Shields


You had one spell level left.
You didn't know any spells.
Your spell library was empty.

Dungeon Overview and Level Annotations

Branches:
Dungeon (3/15)

Altars:
Gozag


Innate Abilities, Weirdness & Mutations

You have a pair of horns on your head.
You reflexively headbutt those who attack you in melee.


Message History

The adder hisses angrily.
You hear a shout! x2
An orc comes into view. It is wielding a +0 mace.
You block the orc's attack.
You hit the orc but do no damage. Your headbutt misses the orc.
You block the orc's attack.
You hit the orc.
The orc is heavily wounded.
The orc hits you with a +0 dagger.
You barely miss the orc.
The orc is heavily wounded.
The orc hits you with a +0 dagger. The orc hits you but does no damage.
You closely miss the orc.
The orc is heavily wounded.
The orc hits you but does no damage.
You hit the orc.
You kill the orc!
An orc priest comes into view. It is wielding a +0 short sword.
The adder bites you but does no damage.
You sock the adder!
The adder is almost dead.
An orc comes into view. It is wielding a +0 dagger.
The adder bites you but does no damage.
The orc priest mumbles some strange prayers to Beogh against you.
Beogh smites you! The adder bites you but does no damage.
The orc shouts!
Unknown command.
The adder bites you but does no damage.
The orc priest begins to cast a cantrip, but forgets the words!
There is an open door here.
The adder bites you but does no damage. The adder attacks as you move away!
You block the adder's attack.
The orc priest invokes the aid of Beogh against you.
Beogh smites you!
* * * LOW HITPOINT WARNING * * *
There is an opulent altar of Gozag here.
The adder attacks as you move away! The adder bites you but does no damage.
The orc priest calls down the wrath of Beogh upon you.
Beogh smites you!
Ouch! That really hurt!
You die...

#.# ### ### #o# #..
..# ##o# #.# #.##
#..# ##.#
#..####'#### ..#
#..+.......+ ###.#
#.##.#.o.#.# #.
#.#####.##.#.S.#.#
.###........#.#.@.#.#
......#.##..'.......+
.####.#.....####+####
.####.........
....######.##.# .##<#
#.# .# .#...# #.# #
....... ...
##...##.##.


You could see an orc priest, an adder and 2 orcs.

Vanquished Creatures
  An adder (D:3)
  An orc (D:3)
  A hobgoblin (D:3)
3 creatures vanquished.

Notes
Turn   | Place    | Note
-------+----------+-------------------------------------------
     0 | D:1      | Daxter the Minotaur Fighter began the quest for the Orb.
     0 | D:1      | Reached XP level 1. HP: 19/19 MP: 0/0
    67 | D:3      | Reached XP level 2. HP: 22/27 MP: 1/1
    92 | D:3      | Found an opulent altar of Gozag.
   125 | D:3      | Killed from afar by an orc priest

Illustrated notes

Levels and vault maps discovered:
D:1:      dpeg_arrival_erosion, layout_basic, minmay_pentomino_v2
D:2:      layout_basic, chequers_ecumenical_altar_grove, hangedman_glass_teeth,
          grunt_decor_junction
D:3:      layout_loops_ring, mainiacjoe_overflow_six_doors_small,
          gup_sewer_entry_pipe, minmay_misc_feat_encased,
          minmay_misc_feat_diagonals, minmay_randomly_rotated_circles

Action                   || total
-------------------------++-------
Melee: Flail             ||    13
       Headbutt          ||     1
Armor: Scale mail        ||    11
Dodge: Dodged            ||     1
Block: Buckler           ||     6

Table legend: (Time is in decaauts)
 A = Elapsed time spent in this place.
 B = Non-inter-level travel time spent in this place.
 C = Inter-level travel time spent in this place.
 D = Time resting spent in this place.
 E = Time spent auto-exploring this place.
 F = Levels seen in this place.
 G = Mean time per level.
                   A        B        C        D        E       F      G
               +--------+--------+--------+--------+--------+-----+--------+
         Total |    128 |    128 |      0 |      0 |      0 |   3 |   42.7 |
       Dungeon |    128 |    128 |      0 |      0 |      0 |   3 |   42.7 |
               +--------+--------+--------+--------+--------+-----+--------+

Top non-repeatable levels by time:
     D:3: 69 daAuts
     D:2: 33 daAuts
     D:1: 26 daAuts
